 Dungeon Crawl Stone Soup version 0.27-a0-1242-ge70438ac7b (webtiles) character file.

Game seed: 14050963257083066145

833 Glokmah the Insei (level 7, -10/46 HPs)
             Began as an Octopode Transmuter on June 9, 2021.
             Killed from afar by a steam dragon (18 damage)
             ... with a ball of steam
             ... on level 5 of the Dungeon.
             The game lasted 00:07:52 (6633 turns).

Glokmah the Insei (Octopode Transmuter)             Turns: 6633, Time: 00:07:53

Health: -10/46     AC:  2    Str: 12    XL:     7   Next: 98%
Magic:  10/12      EV: 19    Int: 15    God:
Gold:   331        SH:  0    Dex: 17    Spells: 2/12 levels left

rFire    . . .     SeeInvis .     - Unarmed
rCold    . . .     Faith    .   (shield currently unavailable)
rNeg     . . .     Spirit   .   (helmet currently unavailable)
rPois    x         Reflect  .   (no amulet)
rElec    .         Harm     .   (no ring)
rCorr    .         Rampage  .   (no ring)
Will     .....                  (no ring)
Stlth    ++........             (no ring)
HPRegen  0.15/turn              (no ring)
MPRegen  0.13/turn              (no ring)
                                (no ring)
                                (no ring)

@: spider-form
A: venomous fangs, almost no armour, (amphibious), 8 rings, tiny, (camouflage
1), (gelatinous body 1), (nimble swimmer 1), (tentacles)
a: End Transformation


You were on level 5 of the Dungeon.
You were a venomous arachnid creature.
You visited 1 branch of the dungeon, and saw 5 of its levels.

You collected 331 gold pieces.

Inventory:

Missiles
 i - 2 datura-tipped darts
 j - 7 poisoned darts
 l - 7 boomerangs
Wands
 m - a wand of charming (12)
Scrolls
 a - 4 scrolls of noise
 c - a scroll of enchant weapon
 d - a scroll of amnesia
 h - 2 scrolls of identify
Potions
 b - a potion of lignification {unknown}
 e - a potion of flight {unknown}
 f - a potion of brilliance {unknown}
 g - 2 potions of heal wounds
 k - 2 potions of curing {unknown}
 n - a potion of might {unknown}


   Skills:
 + Level 3.2 Fighting
 - Level 2.0 Dodging
 * Level 5.6 Unarmed Combat
 + Level 3.4 Spellcasting
 * Level 4.9 Transmutations
 + Level 0.9 Ice Magic
 + Level 3.1 Poison Magic


You had 2 spell levels left.
You knew the following spells:

 Your Spells              Type           Power      Damage    Failure   Level
a - Beastly Appendage     Tmut           34%        N/A       10%         1
b - Wereblood             Tmut           17%        N/A       12%         2
c - Spider Form           Tmut/Pois      7%         N/A       26%         3
d - Ice Form              Ice/Tmut       11%        N/A       71%         4

Your spell library contained the following spells:

 Spells                   Type           Power      Damage    Failure   Level
 Summon Small Mammal      Summ           8%         N/A       38%         1
 Call Imp                 Summ           2%         N/A       50%         2
 Call Canine Familiar     Summ           2%         N/A       71%         3
 Summon Guardian Golem    Hex/Summ       2%         N/A       71%         3
 Summon Ice Beast         Ice/Summ       3%         N/A       95%         4
 Summon Lightning Spire   Summ/Air       2%         N/A       96%         4


Dungeon Overview and Level Annotations

Branches:
Dungeon (5/15)
 Temple: D:4-7

Altars:
Nemelex Xobeh

Shops:
D:3 *


Innate Abilities, Weirdness & Mutations

You are a venomous arachnid creature.
You have poisonous fangs.
You are tiny and dextrous.
Your spellcasting is less reliable in this form.
Your armour is entirely melded.
You are incapable of wielding weapons or throwing items.
You cannot wear most types of armour.
((You are amphibious.))
You can wear up to eight rings at the same time.
((Your skin changes colour to match your surroundings (Stealth+).))
((Your rubbery body absorbs attacks. (AC +1, EV +1)))
((You are camouflaged near water. (Stealth+)))
((You have tentacles for arms and can constrict up to eight enemies at once.))


Message History

Casting: Spider Form (dangerous; 11% risk of failure)
Confirm with . or Enter, or press ? or * to list all spells.
You turn into a venomous arachnid creature.
The steam dragon hisses angrily.
The steam dragon breathes steam at you. The ball of steam hits you!
You hear an angry hiss.
You hit the steam dragon but do no damage.
The steam dragon is poisoned.
You are engulfed in a cloud of scalding steam.
The steam dragon barely misses you. The steam dragon misses you.
You barely miss the steam dragon.
The steam dragon is lightly wounded.
You are engulfed in a cloud of scalding steam.
The steam dragon barely misses you. The steam dragon misses you.
The steam dragon misses you. The steam dragon barely misses you.
Unknown command.
You bite the steam dragon!
The steam dragon looks as sick as possible!
The steam dragon is heavily wounded.
You are engulfed in a cloud of scalding steam.
You hit the steam dragon but do no damage.
The steam dragon is heavily wounded.
The steam dragon barely misses you. The steam dragon completely misses you.
You barely miss the steam dragon.
The steam dragon is heavily wounded.
The steam dragon bites you. The steam dragon misses you.
You hit the steam dragon but do no damage.
The steam dragon looks as sick as possible!
The steam dragon is heavily wounded.
The steam dragon bites you.
* * * LOW HITPOINT WARNING * * *
The steam dragon claws you.
* * * LOW HITPOINT WARNING * * *
You hit the steam dragon.
The steam dragon looks as sick as possible!
The steam dragon is severely wounded.
The steam dragon breathes steam at you. The ball of steam hits you!!
You die...

*,*,*,*,*,**########
,*,*,*,*,*,##......##
*,*,*,*,*,##....≈≈.≈#
,*,*,*,*,*.....≈≈...#
*,*,*,*,*,**#≈..≈...#
,*,*,*,*,*,*#.......#
*,*,*,*,*,**#.##.#.(#
,*,*,*,*,*,##.##.#.##
*,*,*,*,*,*#...Ds#.#
,*,*,*,*,*,#..####.#
*,*,*,*,*,*#..* #.#
**,,,,,,,,....* #.#
........####.#* #.#
........# #.# #.#
........# #.# #.#
........# #.# #.#
........# #.# #.#


You could see a steam dragon (extremely poisoned, catching breath).

Vanquished Creatures
  An orc warrior (D:4)
  A black bear (D:4)
  A centaur (D:5)
  A necrophage (D:4)
  A scorpion (D:5)
  A bullfrog zombie (D:5)
  2 jellies (D:5)
  3 hounds
  Crazy Yiuf (D:3)
  2 orc wizards (D:4)
  Robin (D:2)
  3 adders
  A shadow imp (D:5)
  An adder skeleton (D:4)
  A worm (D:2)
  3 dart slugs
  4 orcs
  5 ball pythons
  7 endoplasms
  2 giant cockroaches
  11 goblins
  12 hobgoblins
  9 jackals
  8 kobolds
  8 quokkas
  9 bats
  5 frilled lizards
  3 rats (D:1)
107 creatures vanquished.

Vanquished Creatures (others)
  2 fungi (D:3)
  3 toadstools (D:3)
5 creatures vanquished.

Grand Total: 112 creatures vanquished

Notes
Turn   | Place    | Note
-------+----------+-------------------------------------------
     0 | D:1      | Glokmah the Octopode Transmuter began the quest for the
                  | Orb.
     0 | D:1      | Reached XP level 1. HP: 13/13 MP: 3/3
   163 | D:1      | Reached XP level 2. HP: 6/18 MP: 3/5
   397 | D:1      | Learned a level 2 spell: Wereblood
  1295 | D:1      | Reached XP level 3. HP: 23/23 MP: 4/6
  1957 | D:1      | Learned a level 3 spell: Spider Form
  2305 | D:2      | Reached XP level 4. HP: 17/28 MP: 3/7
  2556 | D:2      | Noticed Robin
  2572 | D:2      | Killed Robin
  2809 | D:2      | Reached skill level 4 in Unarmed Combat
  3045 | D:3      | Found Evistiet's General Store.
  3140 | D:3      | Reached skill level 1 in Poison Magic
  3140 | D:3      | Reached XP level 5. HP: 32/34 MP: 3/8
  3703 | D:3      | Found a sparkling altar of Nemelex Xobeh.
  3812 | D:3      | Found a runed translucent door.
  3813 | D:3      | Noticed Crazy Yiuf
  4097 | D:3      | Killed Crazy Yiuf
  4334 | D:4      | Reached XP level 6. HP: 35/39 MP: 4/10
  4628 | D:4      | Noticed a necrophage
  4637 | D:4      | Killed a necrophage
  4874 | D:4      | Noticed an orc warrior
  4889 | D:4      | Killed an orc warrior
  4890 | D:4      | Reached XP level 7. HP: 21/45 MP: 6/11
  4893 | D:4      | Reached skill level 5 in Unarmed Combat
  4902 | D:4      | HP: 2/45 [poisoned by an orc wizard]
  5750 | D:5      | Entered Level 5 of the Dungeon
  5847 | D:4      | Learned a level 4 spell: Ice Form
  6562 | D:5      | Noticed a steam dragon
  6633 | D:5      | Killed from afar by a steam dragon

Illustrated notes

Levels and vault maps discovered:
D:1:      sevenhm_arrival_forest_fort_large_2, layout_loops_corners
D:2:      layout_loops_ring, uniq_robin
D:3:      layout_loops_cross, lemuel_tele_altar, serial_shops, shop,
          minmay_gold_behind_fungi, kennysheep_generic_room_15,
          uniq_crazy_yiuf_cottage
D:4:      layout_loops_ring, st_stairs_8
D:5:      layout_basic, chequers_serial_rivers_micro_c

Skill      XL: |  1  2  3  4  5  6  7 |
---------------+----------------------+-----
Transmutations | 3 4 |  4.9
Unarmed Combat | 4 5 |  5.6
Poison Magic   | 1 2 3 |  3.1
Fighting       | 2 3 |  3.2
Spellcasting   | 3 |  3.4
Dodging        | |  2.0
Ice Magic      | |  0.9

Action                   |  1- 3 |  4- 6 |  7- 9 || total
-------------------------+-------+-------+-------++-------
Melee: Unarmed           |    79 |   117 |    52 ||   248
       Constrict         |    21 |    15 |     4 ||    40
       Kick              |    20 |    15 |     4 ||    39
       Tentacles         |    11 |     7 |     3 ||    21
       Punch             |     2 |     1 |       ||     3
 Cast: Beastly Appendage |    26 |    24 |     6 ||    56
       Wereblood         |     6 |     9 |     1 ||    16
       Spider Form       |       |     7 |     8 ||    15
 Abil: End Transformatio |       |       |     1 ||     1
  Use: Scroll            |       |     6 |     2 ||     8
 Stab: Sleeping          |     9 |     1 |     3 ||    13
Armor: Skin              |     5 |    10 |     4 ||    19
Dodge: Dodged            |    44 |    72 |    41 ||   157

Table legend: (Time is in decaauts)
 A = Elapsed time spent in this place.
 B = Non-inter-level travel time spent in this place.
 C = Inter-level travel time spent in this place.
 D = Time resting spent in this place.
 E = Time spent auto-exploring this place.
 F = Levels seen in this place.
 G = Mean time per level.
                   A        B        C        D        E       F      G
               +--------+--------+--------+--------+--------+-----+--------+
         Total |   6623 |   6224 |    399 |    573 |   4665 |   5 | 1324.6 |
       Dungeon |   6623 |   6224 |    399 |    573 |   4665 |   5 | 1324.6 |
               +--------+--------+--------+--------+--------+-----+--------+

Top non-repeatable levels by time:
     D:1: 1960 daAuts
     D:4: 1774 daAuts
     D:3: 1220 daAuts
     D:2: 1103 daAuts
     D:5: 565 daAuts
